Map: Orbital Shipyard

Players

Torkk - Winner!

  • Race: Protoss Protoss
  • League: Diamond

daydrA

  • Race: Zerg Zerg
  • League: Master

VOD

Have the link to the VOD?

Description

PvZ Double Warp Prism into Chargelot Archon Immortal

Time

  • Played on: Feb. 1, 2016, 1:04 p.m.
  • Length: 8:27
Show
View Real Time Build Order
Export as new Build Order

Torkk Protoss - Winner!

Build Orders: Nexus First 

Get SALT Encoding   

  12  0:01  Probe (Chrono Boost)  
  13  0:11  Probe (Chrono Boost)  
  14  0:18  Pylon  
  14  0:22  Probe (Chrono Boost)  
  15  0:36  Probe (Chrono Boost)  
  16  0:47  Probe (Chrono Boost)  
  17  0:58  Nexus  
  17  1:09  Gateway  
  18  1:11  Probe (Chrono Boost)  
  18  1:18  Assimilator  
  18  1:22  Probe (Chrono Boost)  
  18  1:23  Assimilator  
  19  1:32  Probe (Chrono Boost)  
  20  1:37  Gateway  
  20  1:43  Probe (Chrono Boost)  
  21  1:53  Probe (Chrono Boost)  
  22  1:57  Cybernetics Core  
  22  2:04  Probe (Chrono Boost)  
  23  2:10  Probe (Chrono Boost)  
  24  2:16  Probe (Chrono Boost)  
  24  2:21  Probe (Chrono Boost)  
  26  2:23  Pylon  
  26  2:27  Probe (Chrono Boost)  
  27  2:31  Probe (Chrono Boost)  
  27  2:33  Adept x2 (Chrono Boost)  
  27  2:35  Warp Gate  
  32  2:43  Mothership Core  
  34  2:45  Probe  
  34  2:49  Pylon  
  35  2:59  Adept x2 (Chrono Boost)  
  35  3:02  Probe  
  35  3:04  Probe  
  41  3:14  Probe  
  41  3:16  Probe  
  43  3:23  Sentry (Chrono Boost), Adept (Chrono Boost)  
  47  3:27  Probe  
  47  3:33  Robotics Facility  
  48  3:44  Probe x2  
  48  3:55  Twilight Council  
  46  3:56  Probe x2  
  46  3:58  Gateway  
  46  4:01  Gateway  
  48  4:08  Probe (Chrono Boost)  
  48  4:09  Probe (Chrono Boost)  
  50  4:17  Warp Prism  
  50  4:20  Probe x2 (Chrono Boost)  
  54  4:29  Nexus  
  54  4:31  Pylon  
  54  4:34  Pylon  
  54  4:35  Pylon  
  54  4:37  Resonating Glaives (Chrono Boost)  
  54  4:49  Warp Prism, Probe x2  
  54  4:50  Assimilator  
  56  4:56  Assimilator  
  58  5:01  Probe x2  
  58  5:02  Forge  
  60  5:07  Pylon  
  60  5:13  Probe  
  61  5:17  Probe  
  62  5:22  Adept x2  
  62  5:23  Pylon, Adept x2  
  62  5:25  Probe  
  62  5:26  Observer  
  72  5:29  Probe  
  73  5:37  Probe  
  73  5:39  Probe  
  73  5:40  Protoss Ground Weapons Level 1 (Chrono Boost)  
  73  5:41  Probe  
  76  5:49  Probe  
  77  5:52  Immortal  
  77  5:53  Probe  
  78  6:02  Adept x4  
  90  6:07  Probe, Charge (Chrono Boost)  
  90  6:08  Probe  
  90  6:09  Probe  
  93  6:11  Assimilator  
  93  6:13  Pylon  
  93  6:16  Assimilator  
  93  6:39  Gateway  
  91  6:40  Gateway  
  91  6:42  Gateway, Probe  
  91  6:43  Probe x2, Immortal  
  91  6:45  Gateway, Zealot x4  
  98  6:55  Probe  
  99  7:02  Templar Archives  
  99  7:13  Zealot  
  99  7:14  Zealot x3  
  107  7:19  Pylon  
  107  7:20  Pylon  
  107  7:22  Pylon  
  111  7:24  Robotics Facility  
  111  7:43  Zealot x4  
  118  7:45  Observer  
  118  7:50  Photon Cannon  
  115  7:53  Zealot x3  
  121  8:02  Stalker  
  123  8:06  Pylon, Zealot  
  123  8:07  Zealot x3  
Show
View Real Time Build Order
Export as new Build Order

daydrA Zerg 

Build Orders: Hatch First, Lurkers 

Get SALT Encoding   

  13  0:07  Drone  
  13  0:13  Overlord  
  13  0:19  Drone  
  14  0:33  Drone x2  
  16  0:40  Drone  
  17  0:53  Hatchery  
  17  0:56  Drone  
  17  1:01  Drone  
  18  1:11  Extractor  
  17  1:16  Spawning Pool  
  17  1:18  Drone  
  17  1:22  Drone  
  18  1:33  Drone  
  19  1:45  Drone  
  20  1:55  Overlord  
  20  2:03  Queen  
  20  2:04  Queen  
  20  2:05  Zergling x4  
  26  2:16  Zergling x2  
  26  2:17  Drone  
  28  2:27  Drone  
  28  2:28  Drone  
  30  2:37  Drone  
  30  2:38  Drone  
  30  2:43  Queen, Lair  
  34  2:48  Extractor, Drone  
  34  2:49  Extractor, Drone  
  34  2:59  Drone  
  34  3:01  Overlord  
  35  3:15  Overlord  
  35  3:25  Drone  
  35  3:26  Drone x6  
  42  3:34  Zergling x4  
  42  3:46  Spore Crawler  
  41  3:51  Hydralisk Den, Drone x4  
  41  3:52  Drone x2  
  41  3:53  Drone x2  
  49  3:58  Extractor  
  48  4:04  Drone x2  
  48  4:06  Metabolic Boost  
  48  4:07  Overseer  
  48  4:09  Drone  
  51  4:13  Drone  
  52  4:21  Overlord  
  52  4:23  Overlord  
  52  4:25  Evolution Chamber  
  52  4:27  Lurker Den  
  51  4:39  Drone  
  51  4:41  Drone x2  
  51  4:44  Hatchery  
  53  4:53  Zerg Missile Weapons Level 1  
  53  4:54  Drone x5  
  53  4:58  Drone x3  
  61  5:05  Drone  
  61  5:06  Overlord  
  62  5:10  Hydralisk x2  
  62  5:12  Hydralisk  
  68  5:22  Extractor  
  67  5:29  Hydralisk, Overlord x2  
  67  5:30  Hydralisk x2  
  67  5:35  Hydralisk  
  75  5:46  Queen  
  76  6:05  Drone  
  76  6:08  Muscular Augments  
  76  6:10  Hydralisk x5, Zergling x2  
  76  6:11  Hydralisk x2, Zergling x6  
  88  6:17  Drone  
  96  6:22  Lurker  
  96  6:23  Lurker  
  94  6:31  Drone x2  
  82  6:41  Drone x4  
  82  6:42  Drone  
  81  6:58  Spore Crawler x2  
  81  6:59  Spore Crawler  
  81  7:00  Drone x2  
  80  7:02  Drone x2  
  82  7:10  Hydralisk x2  
  82  7:11  Hydralisk x4  
  82  7:12  Hydralisk  
  96  7:18  Hydralisk  
  98  7:30  Overlord  
  98  7:31  Overlord x2, Overseer  
  93  7:55  Hydralisk  
  93  7:56  Hydralisk x2, Zergling x6  
  93  7:57  Zergling x4  
  104  8:01  Lurker x3  
  107  8:06  Zergling x2  
  107  8:07  Zergling x2  
Tags
 
Add a new tag
Caveats
  • Supply blocks, unpowered buildings, or Contaminate may cause inaccurate times.
  • Supply counts are checked every 10 seconds.